[Event "January 2 Late 2024"]
[Site "https://www.chess.com"]
[Date "2024.01.02"]
[Round "3"]
[White "Radjabov, Teimour"]
[Black "Flores, Diego"]
[Result "1-0"]
[Board "12"]
[TimeControl "180+1"]
[WhiteFideId "13400924"]
[BlackFideId "108049"]
[WhiteElo "3034"]
[BlackElo "2746"]
[WhiteTeam "AZE"]
[BlackTeam "ARG"]
[WhiteClock "0:01:35"]
[BlackClock "0:00:21"]

1. d4 Nf6 2. c4 c5 3. dxc5 e6 4. Nf3 Bxc5 5. e3 b6 6. Nc3 Bb7 7. b3 a6 8. Bb2 Qc7 9. Rc1 O-O 10. Be2 Nc6 11. a3 Ne7 12. h3 Ng6 13. O-O Rad8 14. b4 Be7 15. Na4 Rb8 16. Bd4 Bc6 17. b5 Bxf3 18. Bxf3 Bxa3 19. Ra1 axb5 20. cxb5 Bc5 21. Bxc5 bxc5 22. b6 Rxb6 23. Nxb6 Qxb6 24. Rb1 Qc7 25. Rb7 Qc8 26. Qd6 Nh4 27. Rfb1 Nxf3+ 28. gxf3 c4 29. Rb8 1-0

[Event "January 2 Late 2024"]
[Site "https://www.chess.com"]
[Date "2024.01.02"]
[Round "3"]
[White "Lie, Kjetil A."]
[Black "Fedoseev, Vladimir"]
[Result "1-0"]
[Board "13"]
[TimeControl "180+1"]
[WhiteFideId "1501984"]
[BlackFideId "24130737"]
[WhiteElo "2744"]
[BlackElo "3033"]
[WhiteTeam "NOR"]
[BlackTeam "SLO"]
[WhiteClock "0:00:14"]
[BlackClock "0:00:00"]

1. c4 e5 2. g3 Nc6 3. Bg2 g6 4. Nc3 Bg7 5. e4 d6 6. Nge2 f5 7. d3 Nf6 8. Nd5 O-O 9. Bg5 fxe4 10. dxe4 Be6 11. O-O Qd7 12. Rc1 b6 13. Qd2 a5 14. b3 Rf7 15. f3 Raf8 16. a3 Nd8 17. b4 Nb7 18. Rfd1 Kh8 19. Nxf6 Bxf6 20. Bxf6+ Rxf6 21. c5 bxc5 22. bxc5 Qe7 23. cxd6 cxd6 24. Rc6 Bb3 25. Rdc1 Nc5 26. Qxa5 Bg8 27. Qc7 Qxc7 28. Rxc7 Ra8 29. Rc3 g5 30. Rc6 Kg7 31. g4 Bf7 32. Ng3 Bg6 33. Bf1 Raf8 34. Nf5+ Bxf5 35. gxf5 g4 36. fxg4 Nxe4 37. Rd3 Rd8 38. Bg2 Ng5 39. a4 h5 40. h3 hxg4 41. hxg4 e4 42. Rd4 d5 43. Rxf6 Kxf6 44. a5 Ke5 45. Ra4 d4 46. Kf2 d3 47. Ke1 e3 48. Ra1 1-0

[Event "January 2 Late 2024"]
[Site "https://www.chess.com"]
[Date "2024.01.02"]
[Round "3"]
[White "Caruana, Fabiano"]
[Black "Daggupati, Balaji"]
[Result "1-0"]
[Board "14"]
[TimeControl "180+1"]
[WhiteFideId "2020009"]
[BlackFideId "2090759"]
[WhiteElo "3031"]
[BlackElo "2742"]
[WhiteTeam "USA"]
[BlackTeam "USA"]
[WhiteClock "0:00:45"]
[BlackClock "0:00:03"]

1. e4 c5 2. Nf3 e6 3. c3 d5 4. e5 d4 5. d3 Nc6 6. g3 h6 7. Bg2 g5 8. O-O Bg7 9. Na3 Nxe5 10. Nxe5 Bxe5 11. Re1 Bg7 12. cxd4 cxd4 13. Bd2 Ne7 14. Rc1 O-O 15. Bb4 a5 16. Bc5 Rb8 17. Nb5 Bd7 18. Nd6 b6 19. Ba3 b5 20. Nb7 Qe8 21. Bd6 Rc8 22. Nxa5 f5 23. Rxc8 Bxc8 24. Qb3 Rf7 25. Rxe6 Bxe6 26. Qxe6 Kh7 27. Bd5 Rf6 28. Qxe7 Qc8 29. Be5 Rg6 30. Nc6 Kh8 31. Qf7 1-0

[Event "January 2 Late 2024"]
[Site "https://www.chess.com"]
[Date "2024.01.02"]
[Round "3"]
[White "Korchmar, Vasiliy"]
[Black "Keymer, Vincent"]
[Result "0-1"]
[Board "15"]
[TimeControl "180+1"]
[WhiteFideId "24131750"]
[BlackFideId "12940690"]
[WhiteElo "2740"]
[BlackElo "3031"]
[WhiteTeam "RUS"]
[BlackTeam "GER"]
[WhiteClock "0:00:00"]
[BlackClock "0:00:03"]

1. e4 c6 2. d4 d5 3. exd5 cxd5 4. Bd3 Nf6 5. h3 Nc6 6. c3 e5 7. dxe5 Nxe5 8. Qe2 Qe7 9. Bb5+ Bd7 10. Bxd7+ Kxd7 11. Be3 Nc4 12. Nd2 Nxe3 13. fxe3 Re8 14. O-O-O Qxe3 15. Qb5+ Kc8 16. Nf3 Qc5 17. Qa4 Bd6 18. Nd4 a6 19. Rhf1 Be5 20. Kb1 Rhf8 21. N2f3 Bc7 22. Qb3 Rd8 23. Ka1 Ne4 24. a3 g6 25. g4 Rfe8 26. Nd2 Rd7 27. Nxe4 Rxe4 28. Rd3 Be5 29. Nc2 Qc4 30. Qxc4+ Rxc4 31. Rfd1 d4 32. Ne1 Bg7 33. Nf3 Rd6 34. cxd4 Kd7 35. Ng5 Rcxd4 36. Rxd4 Rxd4 37. Rxd4+ Bxd4 38. Nxf7 Bf6 39. g5 Ke6 0-1

[Event "January 2 Late 2024"]
[Site "https://www.chess.com"]
[Date "2024.01.02"]
[Round "3"]
[White "Yarar, Bora"]
[Black "Bluebaum, Matthias"]
[Result "0-1"]
[Board "16"]
[TimeControl "180+1"]
[WhiteFideId "34588400"]
[BlackFideId "24651516"]
[WhiteElo "2730"]
[BlackElo "3024"]
[WhiteTeam "TUR"]
[BlackTeam "GER"]
[WhiteClock "0:00:35"]
[BlackClock "0:01:37"]

1. e4 e6 2. d4 d5 3. e5 c5 4. c3 Nc6 5. Nf3 Nge7 6. Na3 Bd7 7. Nc2 Qa5 8. Bd3 Nxd4 9. Nfxd4 cxd4 10. Nxd4 Nc6 11. Nxc6 Bxc6 12. O-O d4 13. c4 Qxe5 14. Re1 Qf6 15. a3 a5 16. Qg4 Be7 17. Bf4 O-O 18. Be5 Qg5 19. Qxg5 Bxg5 20. Rad1 Rfd8 21. Be4 Bf6 22. f4 Rac8 23. Bd3 Ba4 24. Rd2 Be7 25. f5 f6 26. Bg3 e5 27. Rc1 Bc5 28. Kf1 Bc6 29. Re2 e4 30. Rxe4 Bxe4 31. Bxe4 b6 32. Ke2 Bd6 33. Bxd6 Rxd6 34. Kd3 Kf8 35. g4 Rd7 36. Rc2 Ke7 37. Bd5 Rxd5 0-1

[Event "January 2 Late 2024"]
[Site "https://www.chess.com"]
[Date "2024.01.02"]
[Round "3"]
[White "Hakobyan, Aram"]
[Black "Rastbod, Ali"]
[Result "1-0"]
[Board "17"]
[TimeControl "180+1"]
[WhiteFideId "13306677"]
[BlackFideId "12567477"]
[WhiteElo "3024"]
[BlackElo "2724"]
[WhiteTeam "ARM"]
[BlackTeam "IRI"]
[WhiteClock "0:00:29"]
[BlackClock "0:00:00"]

1. d4 Nf6 2. c4 e6 3. Nc3 d5 4. Nf3 h6 5. Bf4 Bb4 6. e3 O-O 7. Rc1 b6 8. Be2 Ba6 9. Qb3 Bd6 10. Bxd6 Qxd6 11. cxd5 Bxe2 12. Kxe2 Nxd5 13. Nxd5 exd5 14. Qa3 Qxa3 15. bxa3 Rc8 16. Ne5 c5 17. dxc5 bxc5 18. Rhd1 Nc6 19. Nd7 d4 20. Rxc5 dxe3 21. Rdc1 Rd8 22. Rxc6 Rxd7 23. Rc8+ Rxc8 24. Rxc8+ Kh7 25. Kxe3 Rd5 26. Rc4 Ra5 27. a4 Kg6 28. Kd3 Kf6 29. Kc3 Ra6 30. Re4 Kf5 31. f3 h5 32. Kb3 f6 33. Re7 g5 34. Kb4 Rb6+ 35. Ka3 Ra6 36. g3 h4 37. Re4 hxg3 38. hxg3 Rd6 39. g4+ Kg6 40. Re3 f5 41. a5 fxg4 42. fxg4 Rd4 43. Re7 Rxg4 44. a6 Kf6 45. Rxa7 Rg3+ 46. Kb4 Rg2 47. a4 g4 48. Ra8 Kg7 49. Rc8 Rb2+ 50. Ka5 g3 51. a7 g2 52. a8=Q g1=Q 53. Rg8+ Kf7 54. Qe8+ Kf6 55. Qf8+ Ke5 56. Rxg1 1-0

[Event "January 2 Late 2024"]
[Site "https://www.chess.com"]
[Date "2024.01.02"]
[Round "3"]
[White "Carlsson, Ludvig"]
[Black "Bortnyk, Olexandr"]
[Result "0-1"]
[Board "18"]
[TimeControl "180+1"]
[WhiteFideId "1727010"]
[BlackFideId "14120828"]
[WhiteElo "2722"]
[BlackElo "3013"]
[WhiteTeam "SWE"]
[BlackTeam "UKR"]
[WhiteClock "0:00:00"]
[BlackClock "0:00:46"]

1. d4 d6 2. e4 Nf6 3. Nc3 Nbd7 4. Nf3 e5 5. a4 Be7 6. Bc4 O-O 7. O-O c6 8. Re1 a5 9. h3 h6 10. Be3 exd4 11. Bxd4 Qc7 12. e5 dxe5 13. Nxe5 Nxe5 14. Bxe5 Qb6 15. Bd4 Bc5 16. Bxf6 Bxf2+ 17. Kh1 Bxe1 18. Qxe1 gxf6 19. Ne4 Qd4 20. Qh4 Rd8 21. Ra3 Bf5 22. Rg3+ Kf8 23. Qxh6+ Ke7 0-1

[Event "January 2 Late 2024"]
[Site "https://www.chess.com"]
[Date "2024.01.02"]
[Round "3"]
[White "Sarana, Alexey"]
[Black "Dyachuk, Artem"]
[Result "1-0"]
[Board "19"]
[TimeControl "180+1"]
[WhiteFideId "24133795"]
[BlackFideId "34107924"]
[WhiteElo "3010"]
[BlackElo "2720"]
[WhiteTeam "SRB"]
[BlackTeam "UKR"]
[WhiteClock "0:00:14"]
[BlackClock "0:00:01"]

1. d4 Nf6 2. c4 e6 3. Nc3 c5 4. d5 exd5 5. cxd5 d6 6. e4 g6 7. h3 Bg7 8. Nf3 O-O 9. Bd3 b5 10. Nxb5 Re8 11. O-O Nxe4 12. Bf4 a6 13. Na3 Qf6 14. Bc1 Ra7 15. Nc4 h6 16. Re1 Rae7 17. Qc2 Bf5 18. Bf4 g5 19. Bh2 Nd7 20. Re3 h5 21. Rae1 g4 22. hxg4 hxg4 23. Bxe4 Rxe4 24. Rxe4 Rxe4 25. Rxe4 gxf3 26. Re8+ Kh7 27. Qd1 Qg5 28. Bg3 Bd4 29. Ne3 Nf6 30. Re7 Be4 31. Qe1 Qh5 32. Rxe4 Nxe4 33. Nf1 fxg2 34. Qxe4+ Qg6 35. Qxg6+ Kxg6 36. Kxg2 Bxb2 37. Bxd6 c4 38. Ne3 c3 39. Nc2 f5 40. f3 Kf6 41. Kf2 f4 42. Ke2 Kf5 43. Kd3 a5 44. Kc4 a4 45. Bc5 a3 46. Bd4 1-0

[Event "January 2 Late 2024"]
[Site "https://www.chess.com"]
[Date "2024.01.02"]
[Round "3"]
[White "Zarubitski, Viachaslau"]
[Black "Kollars, Dmitrij"]
[Result "1/2-1/2"]
[Board "20"]
[TimeControl "180+1"]
[WhiteFideId "13509373"]
[BlackFideId "12909572"]
[WhiteElo "2715"]
[BlackElo "3003"]
[WhiteTeam "BLR"]
[BlackTeam "GER"]
[WhiteClock "0:00:11"]
[BlackClock "0:00:20"]

1. Nf3 Nf6 2. g3 g6 3. Bg2 Bg7 4. O-O O-O 5. d3 d5 6. Nbd2 Nc6 7. e4 e5 8. Re1 dxe4 9. dxe4 a5 10. a4 Be6 11. c3 Nd7 12. Nb3 h6 13. Be3 Qe7 14. Qc2 b6 15. Rad1 Nd8 16. h4 Nb7 17. Rd2 Ndc5 18. Nxc5 Nxc5 19. Red1 Rfb8 20. Bxc5 bxc5 21. c4 Rb4 22. b3 Rab8 23. Rd3 c6 24. Nd2 h5 25. Nf1 Qb7 26. Rd8+ Kh7 27. Rxb8 Qxb8 28. Rd3 Bh6 29. Qd1 Rb7 30. Bf3 Kg7 31. Qc2 Rd7 32. Rxd7 Bxd7 33. Qd3 Be6 34. Ne3 Bxe3 35. Qxe3 Qb4 36. Kg2 f6 37. Kf1 Qa3 38. Kg2 Qb4 39. Qd3 Kf7 40. Bd1 Qe1 41. Bf3 Ke7 42. Qe3 Qxe3 43. fxe3 Kf7 44. Kf2 Kg7 45. Kg2 Kh6 46. Be2 g5 47. Bd3 Bg4 48. Bc2 Kg6 49. Kf2 Kf7 50. Kg2 Kg7 51. Kf2 Kg6 52. Kg2 Be6 53. Kf2 Kh6 54. Kg2 Bf7 55. Kf2 Bg6 56. Kg2 Kg7 57. Kf2 Kf7 58. Kg2 Ke6 59. Kf2 gxh4 60. gxh4 f5 61. exf5+ Bxf5 62. e4 Bg4 63. Kg3 Kf6 64. Kf2 Kg6 65. Kg3 Kf6 66. Kf2 Kg6 67. Kg3 Kf6 1/2-1/2

[Event "January 2 Late 2024"]
[Site "https://www.chess.com"]
[Date "2024.01.02"]
[Round "3"]
[White "Van Foreest, Jorden"]
[Black "Rakitin, Daniil"]
[Result "1-0"]
[Board "21"]
[TimeControl "180+1"]
[WhiteFideId "1039784"]
[BlackFideId "24219762"]
[WhiteElo "3001"]
[BlackElo "2715"]
[WhiteTeam "NED"]
[BlackTeam "RUS"]
[WhiteClock "0:02:17"]
[BlackClock "0:00:08"]

1. e4 c5 2. Nf3 Nc6 3. Bc4 e6 4. O-O a6 5. Re1 b5 6. Bf1 Bb7 7. c3 Nge7 8. d4 cxd4 9. cxd4 d5 10. e5 Nf5 11. g3 Qb6 12. Be3 Be7 13. Nc3 Rc8 14. Bd3 Nxe3 15. Rxe3 O-O 16. h4 Kh8 17. Ne2 Rce8 18. Bb1 f5 19. Nf4 Bc8 20. Bc2 Bd7 21. Qd2 Rc8 22. Rd1 Na5 23. b3 Rc7 24. Qe2 Rfc8 25. Bb1 Rc1 26. Kg2 Rxd1 27. Qxd1 Qc7 28. Ng5 Qc1 29. Qh5 Bxg5 30. hxg5 Qxb1 31. Ng6+ Kg8 32. Ne7+ Kf8 33. Nxc8 Bxc8 34. Qxh7 Qc2 35. g6 f4 36. Qh8+ Ke7 37. Qxg7+ Kd8 38. Rf3 Qe4 39. Qf8+ Kc7 40. g7 Nc6 41. g8=Q Nxd4 42. Qxc8+ Kb6 43. Qgd8+ Ka7 44. Qdc7# 1-0

[Event "January 2 Late 2024"]
[Site "https://www.chess.com"]
[Date "2024.01.02"]
[Round "3"]
[White "Hamidi, Amir Mohammad"]
[Black "Le, Tuan Minh"]
[Result "0-1"]
[Board "22"]
[TimeControl "180+1"]
[WhiteFideId "12563285"]
[BlackFideId "12401153"]
[WhiteElo "2711"]
[BlackElo "3000"]
[WhiteTeam "IRI"]
[BlackTeam "VIE"]
[WhiteClock "0:00:10"]
[BlackClock "0:01:07"]

1. Nf3 d5 2. c4 c6 3. g3 g6 4. Bg2 Bg7 5. O-O Nf6 6. b3 Ne4 7. d4 O-O 8. Bb2 Nd7 9. cxd5 cxd5 10. Nc3 Ndf6 11. Ne5 Bf5 12. Rc1 Rc8 13. Na4 Bh6 14. Rxc8 Qxc8 15. e3 Bh3 16. Qc1 Bxg2 17. Kxg2 Qb8 18. Nc5 Rc8 19. Ncd7 Nxd7 20. Nxd7 Rxc1 21. Nxb8 Rc2 22. Ba3 Bxe3 23. Bxe7 Bxf2 24. Nd7 Bxd4+ 25. Kh3 f5 26. Rd1 Nf2+ 0-1

[Event "January 2 Late 2024"]
[Site "https://www.chess.com"]
[Date "2024.01.02"]
[Round "3"]
[White "Onyshchuk, Volodymyr"]
[Black "Svane, Rasmus"]
[Result "0-1"]
[Board "23"]
[TimeControl "180+1"]
[WhiteFideId "14114038"]
[BlackFideId "4657101"]
[WhiteElo "2708"]
[BlackElo "2995"]
[WhiteTeam "UKR"]
[BlackTeam "GER"]
[WhiteClock "0:00:02"]
[BlackClock "0:00:10"]

1. Nf3 d5 2. g3 Nf6 3. Bg2 e6 4. O-O Be7 5. d3 O-O 6. Nbd2 Nc6 7. e4 dxe4 8. dxe4 e5 9. c3 a5 10. Qe2 b6 11. Rd1 Ba6 12. Qe1 Qc8 13. Nh4 Rd8 14. Nf5 Bf8 15. Nf1 Rxd1 16. Qxd1 Qe6 17. Bg5 g6 18. N1e3 Ne7 19. Qf3 Bb7 20. Bxf6 Qxf6 21. Nh6+ Kg7 22. Qxf6+ Kxf6 23. Nhg4+ Ke6 24. f4 Bg7 25. f5+ Kd7 26. f6 h5 27. Nxe5+ Ke6 28. fxg7 Kxe5 29. Rf1 f6 30. Bh3 Bxe4 31. Nc4+ Kd5 32. Rxf6 Rg8 33. Ne3+ Ke5 34. Rf7 Nf5 35. Bxf5 gxf5 36. Rxc7 Kf6 37. Rd7 Rxg7 38. Rxg7 Kxg7 39. Kf2 Kf6 40. b4 axb4 41. cxb4 b5 42. Nd1 Ke5 43. Ke3 Bd5 44. Nc3 Bc6 45. a3 Bd7 46. h4 Bc6 47. Ne2 Bd7 48. Nf4 Be8 49. Kd3 Bf7 50. Ke3 Be8 51. Ne2 Kd5 52. Kd3 Ke5 53. Nc3 f4 54. gxf4+ Kxf4 55. Kd4 Kg4 56. a4 bxa4 57. b5 a3 58. b6 Bc6 59. Kc5 Bf3 60. Kb4 Kxh4 61. Kxa3 Kg3 62. Kb4 h4 63. Kc5 h3 64. Nd5 Bxd5 65. Kxd5 h2 66. b7 h1=Q+ 67. Kd6 Qxb7 0-1

[Event "January 2 Late 2024"]
[Site "https://www.chess.com"]
[Date "2024.01.02"]
[Round "3"]
[White "Cardoso Cardoso, Jose Gabriel"]
[Black "Kramnik, Vladimir"]
[Result "0-1"]
[Board "24"]
[TimeControl "180+1"]
[WhiteFideId "4430492"]
[BlackFideId "4101588"]
[WhiteElo "2706"]
[BlackElo "2985"]
[WhiteTeam "COL"]
[BlackTeam "RUS"]
[WhiteClock "0:00:00"]
[BlackClock "0:00:07"]

1. e4 c5 2. Nf3 e6 3. g3 Nc6 4. Bg2 Nf6 5. d3 d6 6. O-O Be7 7. c4 O-O 8. Nc3 a6 9. d4 cxd4 10. Nxd4 Bd7 11. a4 Rc8 12. Nxc6 Bxc6 13. Bf4 Qa5 14. Qd2 Qb4 15. Nd5 Nxd5 16. exd5 Qxd2 17. Bxd2 exd5 18. cxd5 Bd7 19. Bc3 f5 20. Rfe1 Rfe8 21. a5 Kf7 22. Re3 Bf6 23. Rxe8 Bxe8 24. Rc1 Rc5 25. f4 Bd4+ 26. Kf1 Bb5+ 27. Ke1 Be3 28. Rd1 g6 29. Bf1 Ba4 30. Rd3 Bg1 31. Be2 Rc8 32. Kf1 Bc5 33. Rd2 Re8 34. Bc4 h6 35. Re2 Rxe2 36. Kxe2 Bc2 37. h3 Be4 38. Be1 g5 39. b4 Bd4 40. b5 axb5 41. Bb3 gxf4 42. gxf4 Kg6 43. Bf2 Bxf2 44. Kxf2 Bd3 45. Ke3 Bf1 46. h4 Kh5 47. Bc2 Bh3 48. Bd3 Kxh4 49. Bxb5 Bg2 50. Bc6 bxc6 51. a6 c5 0-1

[Event "January 2 Late 2024"]
[Site "https://www.chess.com"]
[Date "2024.01.02"]
[Round "3"]
[White "Rasulov, Vugar"]
[Black "Martinez Ramirez, Lennis"]
[Result "1-0"]
[Board "25"]
[TimeControl "180+1"]
[WhiteFideId "13402390"]
[BlackFideId "3509079"]
[WhiteElo "2980"]
[BlackElo "2703"]
[WhiteTeam "AZE"]
[BlackTeam "CUB"]
[WhiteClock "0:02:29"]
[BlackClock "0:01:57"]

1. e4 e5 2. Nf3 Nc6 3. Bb5 a6 4. Ba4 Nf6 5. Bxc6 dxc6 6. d3 Bd6 7. Nbd2 Nd7 8. Nc4 Qe7 9. h4 c5 10. h5 Nb8 11. Ne3 Nc6 12. Nd5 Qf8 13. h6 f6 14. hxg7 Qxg7 15. Nh4 Bg4 16. Qxg4 Qxg4 17. Nxf6+ Ke7 18. Nxg4 Nd4 1-0

[Event "January 2 Late 2024"]
[Site "https://www.chess.com"]
[Date "2024.01.02"]
[Round "3"]
[White "Nazari, Arad"]
[Black "Anton Guijarro, David"]
[Result "0-1"]
[Board "26"]
[TimeControl "180+1"]
[WhiteFideId "12577324"]
[BlackFideId "2285525"]
[WhiteElo "2701"]
[BlackElo "2975"]
[WhiteTeam "IRI"]
[BlackTeam "ESP"]
[WhiteClock "0:00:01"]
[BlackClock "0:00:07"]

1. e4 c5 2. Nf3 Nc6 3. Bb5 e6 4. Bxc6 bxc6 5. O-O Ne7 6. c3 d5 7. Re1 Ng6 8. d4 Be7 9. b3 O-O 10. Bb2 cxd4 11. cxd4 dxe4 12. Rxe4 c5 13. Re1 Bb7 14. dxc5 Bxc5 15. Nc3 Nf4 16. Ne4 Bb6 17. Bd4 h6 18. Qd2 f5 19. Bxb6 Qxb6 20. Nf6+ Rxf6 21. Qxf4 Rg6 22. h3 Re8 23. Re3 Kh7 24. Kh2 Rc8 25. Rae1 Rc2 26. R1e2 Rxe2 27. Rxe2 Bd5 28. Nh4 Rf6 29. Qe3 Qa6 30. Nf3 f4 31. Qd2 Bxf3 32. gxf3 Qb5 33. Re4 Qg5 34. Qc1 Rg6 35. Qf1 Qh5 36. Qe2 Qg5 37. Qf1 e5 38. Re1 Qf5 39. Qe2 h5 40. Rg1 Rxg1 41. Kxg1 Qxh3 42. Qe4+ Kh6 43. Qxe5 Qxf3 44. Qd6+ Kh7 45. b4 Qg4+ 46. Kh2 f3 47. Qg3 Qxb4 48. Qxf3 Qh4+ 49. Kg2 Qg5+ 50. Kh2 Qe5+ 51. Kg2 a5 52. Qd3+ Kh6 53. a4 Qg5+ 54. Kf1 Qf4 55. Qa6+ g6 56. Qxa5 h4 57. Qb5 h3 58. Qc6 Qg4 59. Qc3 Qd1+ 60. Qe1 Qxe1+ 61. Kxe1 h2 0-1

[Event "January 2 Late 2024"]
[Site "https://www.chess.com"]
[Date "2024.01.02"]
[Round "3"]
[White "Matlakov, Maxim"]
[Black "Khatoev, Eduard"]
[Result "1-0"]
[Board "27"]
[TimeControl "180+1"]
[WhiteFideId "4168003"]
[BlackFideId "24145076"]
[WhiteElo "2966"]
[BlackElo "2700"]
[WhiteTeam "RUS"]
[BlackTeam "RUS"]
[WhiteClock "0:01:58"]
[BlackClock "0:02:08"]

1. d4 c5 2. c3 cxd4 3. cxd4 Nc6 4. Nf3 Nf6 5. Nc3 Qa5 6. Bd2 Qb6 7. d5 Nb4 8. e4 e6 9. Be2 Bc5 10. O-O Ng4 11. Be1 exd5 12. Na4 Qd6 13. e5 Qf8 14. Nxc5 Qxc5 15. Qd4 Qxd4 16. Nxd4 Nd3 17. Bxd3 Nxe5 18. Be2 O-O 19. Bb4 Re8 20. Rfe1 b6 21. Nb5 Ba6 22. Nc7 Bxe2 23. Rxe2 Nf3+ 24. gxf3 Rxe2 25. Nxa8 1-0

[Event "January 2 Late 2024"]
[Site "https://www.chess.com"]
[Date "2024.01.02"]
[Round "3"]
[White "Bok, Benjamin"]
[Black "Aarav Dengla"]
[Result "1-0"]
[Board "28"]
[TimeControl "180+1"]
[WhiteFideId "1017063"]
[BlackFideId "45059756"]
[WhiteElo "2957"]
[BlackElo "2691"]
[WhiteTeam "NED"]
[BlackTeam "IND"]
[WhiteClock "0:01:08"]
[BlackClock "0:00:28"]

1. d4 d5 2. c4 e6 3. Nc3 a6 4. cxd5 exd5 5. Nf3 h6 6. Bf4 Nf6 7. e3 Bd6 8. Bxd6 Qxd6 9. Bd3 O-O 10. h3 Nc6 11. O-O Ne7 12. Qc2 g6 13. Na4 Bf5 14. Rfc1 c6 15. Nc5 Rfb8 16. b4 Bxd3 17. Qxd3 Nf5 18. a4 Ng7 19. b5 axb5 20. axb5 Rxa1 21. Rxa1 Ne6 22. Nxe6 Qxe6 23. bxc6 bxc6 24. Qc2 Nd7 25. Ra6 Rc8 26. Ne1 Nb8 27. Ra7 Qd6 28. Nd3 Rc7 29. Ra8 Rb7 30. Nc5 Rb6 31. g3 Kg7 32. Kg2 Nd7 33. Rd8 1-0

[Event "January 2 Late 2024"]
[Site "https://www.chess.com"]
[Date "2024.01.02"]
[Round "3"]
[White "Tanriverdi, Enes"]
[Black "Kamsky, Gata"]
[Result "0-1"]
[Board "29"]
[TimeControl "180+1"]
[WhiteFideId "34543279"]
[BlackFideId "2000024"]
[WhiteElo "2686"]
[BlackElo "2957"]
[WhiteTeam "TUR"]
[BlackTeam "USA"]
[WhiteClock "0:00:00"]
[BlackClock "0:00:32"]

1. Nf3 d5 2. d4 Nf6 3. c4 c6 4. e3 g6 5. Nc3 Bg7 6. Be2 O-O 7. O-O Qb6 8. Qb3 Be6 9. Bd2 dxc4 10. Bxc4 Bxc4 11. Qxc4 Qa6 12. Qb3 Nbd7 13. e4 Nb6 14. Rfe1 Rad8 15. Rad1 Nc4 16. Bg5 h6 17. Bh4 g5 18. Bg3 Nh5 19. e5 Nb6 20. e6 Qc4 21. exf7+ Rxf7 22. Qc2 Nxg3 23. hxg3 Nd5 24. Ne5 Bxe5 25. dxe5 Kg7 26. Qc1 Qc5 27. Ne4 Qxc1 28. Rxc1 Kg6 29. a3 e6 30. Nc5 Re7 31. Rcd1 Rf8 32. f3 b6 33. Ne4 c5 34. Nd6 h5 35. Rd2 Rh7 36. Kh2 h4 37. Rxd5 hxg3+ 38. Kxg3 exd5 39. e6 Re7 40. Nb5 Rf6 41. Nc3 Rfxe6 0-1

[Event "January 2 Late 2024"]
[Site "https://www.chess.com"]
[Date "2024.01.02"]
[Round "3"]
[White "Yoo, Christopher Woojin"]
[Black "Araujo Sanchez, Josue"]
[Result "0-1"]
[Board "30"]
[TimeControl "180+1"]
[WhiteFideId "30909694"]
[BlackFideId "6416896"]
[WhiteElo "2946"]
[BlackElo "2682"]
[WhiteTeam "USA"]
[BlackTeam "DOM"]
[WhiteClock "0:00:00"]
[BlackClock "0:00:16"]

1. d4 Nf6 2. c4 e6 3. Nc3 Bb4 4. a3 Bxc3+ 5. bxc3 c5 6. e3 Nc6 7. Bd3 O-O 8. Ne2 d5 9. O-O dxc4 10. Bxc4 Qc7 11. f3 Rd8 12. Bb5 Bd7 13. a4 Na5 14. e4 a6 15. Bd3 Ne8 16. Bf4 Qc8 17. Bg5 f6 18. Bh4 Bc6 19. e5 c4 20. Bc2 Qd7 21. f4 f5 22. Bxd8 Rxd8 23. Rf2 Nc7 24. Rb1 Nd5 25. Rf3 g6 26. Rh3 Rf8 27. Qe1 Qe7 28. Kh1 Kg7 29. Qc1 h5 30. Qb2 Rc8 31. Rg1 Rh8 32. Qc1 Rh7 33. Rg3 Kf7 34. Rg5 Rg7 35. h4 Qd7 36. Kh2 Bxa4 37. Bxa4 Qxa4 38. Rf1 Nb3 39. Qb2 Qd7 40. Kg1 a5 41. Rb1 a4 42. Qa2 b5 43. Rg3 Qe7 44. Rh3 Nb6 45. Kh1 Nd5 0-1

[Event "January 2 Late 2024"]
[Site "https://www.chess.com"]
[Date "2024.01.02"]
[Round "3"]
[White "Zhigalko, Sergei"]
[Black "Adewumi, Tanitoluwa"]
[Result "0-1"]
[Board "31"]
[TimeControl "180+1"]
[WhiteFideId "13502956"]
[BlackFideId "30966396"]
[WhiteElo "2920"]
[BlackElo "2681"]
[WhiteTeam "BLR"]
[BlackTeam "USA"]
[WhiteClock "0:00:00"]
[BlackClock "0:00:19"]

1. e4 c5 2. Nf3 Nc6 3. c3 Nf6 4. e5 Nd5 5. Bc4 e6 6. d4 cxd4 7. cxd4 d6 8. O-O Be7 9. Bd2 O-O 10. Nc3 Nxc3 11. Bxc3 dxe5 12. dxe5 b6 13. Qe2 Bb7 14. a3 Qc7 15. Bd3 Rad8 16. Rfe1 g6 17. h4 Bc5 18. Rad1 Nd4 19. Bxd4 Bxd4 20. Nxd4 Rxd4 21. Bxg6 Rxd1 22. Bxh7+ Kxh7 23. Qh5+ Kg7 24. Qg5+ Kh7 25. Rxd1 Qc2 26. Rd7 Bd5 27. Rxa7 Qg6 28. Qxg6+ Kxg6 29. g4 Rh8 30. h5+ Kg5 31. Rxf7 Kxg4 32. Rg7+ Kf5 33. Rb7 Bxb7 0-1

[Event "January 2 Late 2024"]
[Site "https://www.chess.com"]
[Date "2024.01.02"]
[Round "3"]
[White "Riff, Vincent"]
[Black "Harsha Bharathakoti"]
[Result "0-1"]
[Board "32"]
[TimeControl "180+1"]
[WhiteFideId "617776"]
[BlackFideId "5078776"]
[WhiteElo "2680"]
[BlackElo "2917"]
[WhiteTeam "FRA"]
[BlackTeam "IND"]
[WhiteClock "0:00:00"]
[BlackClock "0:00:11"]

1. e4 c5 2. Nf3 d6 3. d4 cxd4 4. Nxd4 Nf6 5. Nc3 Nc6 6. Nd5 Nxd5 7. exd5 Qa5+ 8. Bd2 Qxd5 9. Nb5 Qe6+ 10. Be2 Qd7 11. c4 e6 12. O-O Be7 13. Bf4 e5 14. Be3 O-O 15. a3 Qd8 16. b4 Be6 17. Qb3 a6 18. Nc3 Nd4 19. Bxd4 exd4 20. Nd5 Bxd5 21. cxd5 Bg5 22. Rad1 Re8 23. Bf3 Bf6 24. g3 Rc8 25. Bg4 Rc3 26. Qa4 g6 27. b5 h5 28. Bh3 axb5 29. Qxb5 Re7 30. a4 h4 31. a5 Kg7 32. Qb4 hxg3 33. hxg3 Qc7 34. Rd2 Rc4 35. Qb5 Rc5 36. Qb4 Qxa5 37. Rxd4 Bxd4 38. Qxd4+ Kg8 39. Qf6 Re1 40. Qxd6 Rxf1+ 41. Bxf1 Rxd5 42. Qb8+ Qd8 43. Qxb7 Rd1 44. Qb5 Qd4 45. Qe2 Kg7 46. Qf3 Qa1 47. Qe2 Re1 48. Qd3 Rd1 49. Qc4 Qd4 50. Qe2 Rd2 51. Qf3 Rb2 52. Qg2 Qb6 53. Qf3 Qf6 54. Qe3 Rb1 55. Qd3 Rc1 56. Qe3 Rc2 57. Bd3 Rc3 58. Qe2 Qd4 59. Ba6 Rxg3+ 60. Kf1 Ra3 61. Bc4 Ra1+ 62. Kg2 Rc1 63. Bb3 Rc3 64. Ba2 Rc5 0-1

[Event "January 2 Late 2024"]
[Site "https://www.chess.com"]
[Date "2024.01.02"]
[Round "3"]
[White "Liascovich, Lucas"]
[Black "Annaberdiyev, Meylis"]
[Result "1-0"]
[Board "33"]
[TimeControl "180+1"]
[WhiteFideId "108634"]
[BlackFideId "14000563"]
[WhiteElo "2912"]
[BlackElo "2680"]
[WhiteTeam "ARG"]
[BlackTeam "TKM"]
[WhiteClock "0:00:14"]
[BlackClock "0:00:00"]

1. e4 c5 2. Nc3 Nc6 3. Bb5 Nd4 4. Nf3 e6 5. O-O a6 6. Bd3 Nc6 7. Re1 g5 8. g3 g4 9. Nh4 h5 10. e5 Be7 11. Bf1 Qc7 12. d4 cxd4 13. Ne4 b6 14. Bg2 Bb7 15. Bf4 O-O-O 16. Nd6+ Bxd6 17. exd6 Qb8 18. c3 e5 19. Bxc6 Bxc6 20. Bxe5 f6 21. Bf4 d3 22. Qxd3 Kb7 23. Re7 Qc8 24. Rae1 Nxe7 25. dxe7 Rde8 26. Nf5 Ka8 27. Nd6 Qb8 28. Qxa6+ Qa7 29. Qc4 h4 30. Nxe8 Rxe8 31. Qf7 d6 32. gxh4 Qd7 33. Qxf6 g3 34. Bxg3 Qh3 35. f3 Rg8 36. e8=Q+ Bxe8 37. Qd8+ Kb7 38. Re7+ Kc6 39. Rxe8 Rxg3+ 40. hxg3 Qxg3+ 41. Kf1 Qxf3+ 42. Ke1 Qh1+ 43. Kd2 Qg2+ 44. Re2 Qd5+ 45. Kc1 Qd3 46. Qe8+ 1-0